 Dungeon Crawl Stone Soup version 0.30.1-4-g462c640d31 (webtiles) character file.

Game seed: 9780993771852147563

209842 Wiggles the Executioner (level 18, -3/178 HPs)
             Began as a Minotaur Berserker on Aug 22, 2023.
             Was a High Priest of Trog.
             Slain by a harpy (11 damage)
             ... on level 2 of the Shoals on Aug 23, 2023.
             The game lasted 01:07:46 (29953 turns).

Wiggles the Executioner (Minotaur Berserker)       Turns: 29953, Time: 01:07:46

Health: -3/178     AC: 31    Str: 34    XL:     18   Next: 16%
Magic:  17/17      EV: 16    Int:  4    God:    Trog [*****.]
Gold:   1262       SH:  0    Dex: 10    Spells: 17/17 levels left

rFire   . . .        U - +2 executioner's axe (heavy)
rCold   . . .        (shield currently unavailable)
rNeg    . . .        A - +0 plate armour {Will+}
rPois   .            O - +2 hat {SInv}
rElec   .            u - +0 cloak
rCorr   .            B - +3 pair of gloves of Midwinter {Will+ Str+2}
SInv    +            y - +2 pair of boots
Will    +++..        I - amulet of regeneration Stlth
                     p - +4 ring of slaying
HPRegen 1.29/turn    f - ring of Negogg {EV+5 Str+2 Stlth+}
MPRegen 0.15/turn

%: no passive effects
@: lethally poisoned (-3 -> -3), on berserk cooldown, studying Unarmed Combat,
very slow
A: horns 2, retaliatory headbutt
}: 1/15 runes: serpentine
a: Renounce Religion, Berserk, Trog's Hand, Brothers in Arms


You were on level 2 of the Shoals.
You worshipped Trog.
Trog was extremely pleased with you.
You visited 5 branches of the dungeon, and saw 28 of its levels.
You also visited: Gauntlet.

You collected 2575 gold pieces.
You spent 1313 gold pieces at shops.

Inventory:

Hand Weapons
 U - a +2 heavy executioner's axe (weapon)
Missiles
 E - a throwing net (quivered)
Armour
 u - a +0 cloak (worn)
 y - a +2 pair of boots (worn)
 A - a +0 plate armour of willpower (worn)
 B - the +3 pair of gloves of Midwinter (worn) {Will+ Str+2}
   (You bought it in a shop on level 2 of the Orcish Mines)

   Str:       It affects your strength (+2).
   Will:      It increases your willpower.
 O - a +2 hat of see invisible (worn)
Jewellery
 b - a ring of see invisible
 e - a +6 ring of strength
 f - the ring of Negogg (right hand) {EV+5 Str+2 Stlth+}
   (You found it on level 7 of the Dungeon)

   [ring of evasion]

   EV:        It affects your evasion (+5).
   Str:       It affects your strength (+2).
   Stlth:     It makes you more stealthy.
 j - a +6 ring of strength
 p - a +4 ring of slaying (left hand)
 s - the ring of Xom's Respect {Wiz rElec Stlth+}
   (You took it off a salamander on level 2 of the Snake Pit)

   [ring of wizardry]

   It improves your spell success rate.
   rElec:     It insulates you from electricity.
   Stlth:     It makes you more stealthy.
 w - a ring of resist corrosion
 G - a ring of protection from fire
 H - the ring "Dekeupot" {rPois rF++ rN+ Dex-3 Stlth+}
   (You took it off a minotaur in a Gauntlet)

   [ring of poison resistance]

   Dex:       It affects your dexterity (-3).
   rF:        It greatly protects you from fire.
   rPois:     It protects you from poison.
   rN:        It protects you from negative energy.
   Stlth:     It makes you more stealthy.
 I - an amulet of regeneration (around neck)
 Y - a ring of protection from fire
Wands
 a - a wand of roots (13)
 m - a wand of digging (7)
 D - a wand of charming (17)
 P - a wand of polymorph (13)
 V - a wand of mindburst (8)
 X - a wand of flame (16)
Scrolls
 d - 7 scrolls of magic mapping
 h - 3 scrolls of poison
 n - 14 scrolls of identify
 t - 11 scrolls of teleportation
 z - a scroll of fear
 K - a scroll of blinking
 M - 8 scrolls of fog
 Q - a scroll of silence
Potions
 c - 3 potions of might
 g - 5 potions of lignification
 k - 2 potions of curing
 l - 4 potions of flight
 o - 3 potions of magic
 q - 4 potions of resistance
 r - 3 potions of attraction
 v - 2 potions of cancellation
 x - 7 potions of ambrosia
 C - 5 potions of berserk rage
 N - 8 potions of mutation
 R - a potion of invisibility
 T - a potion of haste
Miscellaneous
 i - a piece from Xom's chessboard (15/15)
 L - a condenser vane


   Skills:
 + Level 20.1 Fighting
 + Level 25.2 Axes
 + Level 19.6 Armour
 + Level 7.4 Dodging
 + Level 3.5 Stealth
 + Level 1.2 Evocations


You had 17 spell levels left.
You didn't know any spells.
Your spell library was empty.

Dungeon Overview and Level Annotations

Branches:
Dungeon (15/15)            Temple (0/1) D:4            Lair (5/5) D:8
 Shoals (2/4) Lair:3        Snake (4/4) Lair:2        Slime (0/5) Lair:4
    Orc (2/2) D:12            Elf (0/3) Orc:2        Vaults (0/5) D:13
 Depths (0/4) D:15        Gauntlet (visited)

Altars:
Cheibriados
Gozag
Hepliaklqana
Nemelex Xobeh
Okawaru
Ru
Trog
Xom
Jiyva

Shops:
D:2 [?[   D:9 !   D:11 [   D:13 !   D:15 (   Orc:2 (?([[   Shoals:2 (**

Portals:
Abyss: Lair:2

Annotations:
D:6 2 transporters
Shoals:1 2 transporters, archon2's ghost, adept DEFE
Shoals:2 exclusion: obsidian statue


Innate Abilities, Weirdness & Mutations

You have a pair of horns on your head.
You reflexively headbutt those who attack you in melee.


Message History

A harpy comes into view.
The merfolk hits your butterfly with a +0 glaive!!
Your butterfly dies!
Your butterfly disappears in a burst of colours!
The harpy claws your butterfly.
Your butterfly dies!
Your butterfly disappears in a burst of colours!
You swap places.
You feel sick.
The harpy screeches!
The merfolk hits your butterfly with a +0 glaive!
Your butterfly dies!
Your butterfly disappears in a burst of colours!
The merfolk hits you from afar with a +0 spear!
* * * LOW HITPOINT WARNING * * *
The merfolk siren chants a haunting song.
You resist with almost no effort. The harpy claws your butterfly.
Your butterfly dies!
Your butterfly disappears in a burst of colours!
The merfolk impaler hits you but does no damage.
You swap places.
You enter the shallow water.
Moving in this stuff is going to be slow.
You feel sick. The harpy claws your butterfly.
Your butterfly dies!
Your butterfly disappears in a burst of colours!
The harpy barely misses your butterfly. The harpy misses your butterfly.
The merfolk closely misses your butterfly.
The merfolk impaler hits your butterfly with a +0 trident!!
Your butterfly dies!
Your butterfly disappears in a burst of colours!
You hear a shout!
You swap places.
You feel sick. The harpy claws your butterfly!
Your butterfly dies!
Your butterfly disappears in a burst of colours!
A harpy comes into view.
The merfolk siren chants a haunting song.
You resist with almost no effort.
The merfolk hits you from afar with a +0 spear.
* * * LOW HITPOINT WARNING * * *
The harpy claws you!
You die...

~~~≈≈≈≈≈≈≈≈≈≈≈≈≈
P~~~~≈~~~~~≈≈≈≈≈
~~~~~~~~~~~~≈≈≈≈
P..~~~~~..~~≈≈≈≈
###.~~m....~≈H≈~
#..mmm##~~≈H≈~
.###b~~mm#b~~≈≈≈~
~...~~b~b..bb≈≈≈≈
~~~~~≈≈@Hb~b≈≈≈≈≈
~~≈≈≈b≈b≈bbb≈≈≈≈≈
~≈≈≈≈≈b≈≈b≈bbb≈≈~
~≈≈≈≈b≈bb≈≈bb≈≈≈≈
~~≈≈≈≈bb≈≈≈~≈≈≈≈≈
~~~≈≈~~~≈~~~~~≈≈≈
~~~~~~~~~~~~~~≈≈≈
~~~~~~~~~~~~~~~~~~≈≈≈
~~~~~~..~~~~~~~~.~≈≈≈


You could see a merfolk impaler, 4 merfolk, a merfolk siren and 3 harpies.

Vanquished Creatures
  Jorgrun (Shoals:1)
  Gastronok (Lair:2)
  Frances (D:13)
  Kirke (D:12)
  2 nagarajas
  Aizul (Snake:2)
  The ghost of Glennnyy the Warrior, an adept GrFi of Fedhas (Shoals:2)
  Louise (Shoals:1)
  A minotaur (Gauntlet)
  Nessos (D:15)
  A dire elephant (Lair:4)
  Snorg (Lair:4)
  A merfolk impaler (Shoals:1)
  An ettin (D:15)
  Harold (Lair:1)
  3 hydras
  4 salamander tyrants
  2 ogre magi
  2 merfolk avatars
  5 anacondas
  5 catoblepae
  6 centaur warriors
  Erica (D:8)
  10 two-headed ogres
  3 boulder beetles
  3 tengu warriors
  7 naga warriors
  7 death yaks
  6 naga sharpshooters
  10 shock serpents
  6 salamander mystics
  A shadow wraith (D:13)
  A fire crab (Lair:4)
  3 skysharks
  2 deep trolls (D:15)
  An orb spider (shapeshifter) (D:13)
  4 naga ritualists
  A lindwurm (shapeshifter) (D:15)
  A flayed ghost (D:13)
  2 orc knights
  2 wizards
  2 harpies (shapeshifter)
  A necromancer (D:15)
  9 mana vipers
  12 ugly things
  An oklob plant (Lair:5)
  5 harpies (Shoals:1)
  17 salamanders
  A wolf spider (D:15)
  6 deep elf pyromancers
  7 orc sorcerers
  9 manticores
  A worldbinder (Lair:2)
  6 fauns
  5 cyclopes
  31 black mambas
  4 elephants
  5 water nymphs
  5 guardian serpents
  9 naga magi
  An ice statue (Snake:4)
  A merfolk siren (Shoals:2)
  2 torpor snails (Lair:4)
  An unseen horror (D:12)
  13 cane toads
  A rime drake (Lair:4)
  3 minotaur zombies (Gauntlet)
  Psyche (D:11)
  3 gargoyles
  2 large abominations (Lair:2)
  3 tengu conjurers (D:15)
  A freezing wraith (D:14)
  A queen bee (Gauntlet)
  4 komodo dragons
  3 merfolk
  A hellwing (Lair:2)
  3 wind drakes
  6 trolls
  7 polar bears
  A wind drake (shapeshifter) (D:13)
  5 hornets
  12 blink frogs
  A dream sheep (Lair:5)
  7 slime creatures
  6 snapping turtles
  A shadow (D:11)
  13 spriggans (Lair:5)
  A water elemental (Shoals:2)
  3 wyverns
  A vampire (D:11)
  42 yaks
  A hog (shapeshifter) (D:13)
  3 basilisks
  5 wraiths
  3 hogs (D:12)
  2 humans (shapeshifter) (D:13)
  3 fire bats (Lair:5)
  A golden eye (Lair:4)
  A steam dragon (Lair:4)
  8 vampire mosquitoes
  14 wargs
  34 nagas
  9 water moccasins
  2 sky beasts
  A meliai simulacrum (D:14)
  22 orc warriors
  5 black bears
  2 ice beasts
  4 boggarts (Lair:5)
  10 ogres
  31 wolves
  A centaur (D:8)
  4 kobold brigands
  A phantom (D:4)
  8 bullfrogs
  2 gnoll sergeants (D:9)
  5 scorpions
  10 killer bees
  7 howler monkeys
  2 electric eels
  A lava snake (Snake:2)
  3 hounds
  2 jellies
  13 orc priests
  2 sleepcaps
  6 iguanas
  A gnoll bouda (D:8)
  49 orc wizards
  A hell rat (D:8)
  A boggart simulacrum (D:15)
  16 gnolls
  A river rat (D:8)
  15 adders
  3 shadow imps
  A white imp (D:7)
  An ufetubus (D:5)
  3 worms (D:2)
  4 dart slugs
  68 orcs
  7 ball pythons
  6 endoplasms
  4 giant cockroaches
  9 goblins
  8 hobgoblins
  5 jackals (D:1)
  8 quokkas
  11 bats
  4 frilled lizards
  26 kobolds
  3 rats
883 creatures vanquished.

Vanquished Creatures (collateral kills)
  Vashnia (Snake:4)
  The ghost of Zeor the Thaumaturge, a journeyman DjRe of Makhleb (Lair:2)
  A salamander tyrant (Snake:4)
  A boulder beetle (D:11)
  2 naga warriors (Snake:4)
  An anaconda (Snake:4)
  A hell hog (Lair:2)
  3 naga sharpshooters (Snake:4)
  A spriggan (Lair:2)
  3 salamander mystics
  2 mana vipers (Snake:4)
  An ugly thing (Lair:2)
  9 salamanders
  A black mamba (Snake:4)
  3 naga magi (Snake:4)
  A water nymph (Shoals:2)
  A hornet (Lair:2)
  A snapping turtle (Shoals:2)
  3 yaks (D:11)
  6 nagas
  An orc wizard (D:11)
  2 orcs (D:11)
46 creatures vanquished.

Vanquished Creatures (others)
  An orc warlord (Orc:1)
  2 orc wizards
  An orc (Orc:1)
  20 tentacles (Shoals:1)
24 creatures vanquished.

Grand Total: 953 creatures vanquished

Notes
Turn   | Place    | Note
-------+----------+-------------------------------------------
     0 | D:1      | Wiggles the Minotaur Berserker began the quest for the Orb.
     0 | D:1      | Reached XP level 1. HP: 19/19 MP: 0/0
   112 | D:1      | Reached skill level 4 in Axes
   121 | D:1      | Reached XP level 2. HP: 25/27 MP: 1/1
   356 | D:1      | Reached ** piety under Trog
   381 | D:1      | Reached XP level 3. HP: 29/33 MP: 2/2
   923 | D:2      | Found a sparkling altar of Nemelex Xobeh.
  1033 | D:2      | Found a sacrificial altar of Ru.
  1303 | D:2      | Reached XP level 4. HP: 41/41 MP: 3/3
  1347 | D:2      | Found Xushemp's Antique Armour Shop.
  1470 | D:2      | Found Humaj's Magic Scroll Shoppe.
  1497 | D:2      | Bought a scroll of identify for 26 gold pieces
  1533 | D:2      | Found Wudd's Armour Shop.
  1555 | D:2      | Found a faded altar of an unknown god.
  1899 | D:3      | Reached *** piety under Trog
  2015 | D:3      | Found a bloodstained altar of Trog.
  2028 | D:3      | Reached skill level 5 in Axes
  2041 | D:3      | Reached XP level 5. HP: 41/47 MP: 4/4
  2286 | D:3      | Found a sacrificial altar of Ru.
  2637 | D:4      | Reached skill level 6 in Axes
  2693 | D:4      | Found a staircase to the Ecumenical Temple.
  2764 | D:4      | Reached XP level 6. HP: 20/55 MP: 5/5
  2824 | D:4      | Reached **** piety under Trog
  3059 | D:4      | Reached skill level 5 in Fighting
  3136 | D:4      | Found a snail-covered altar of Cheibriados.
  3147 | D:4      | Identified the +1 cloak of the Distant Future {Contam
                  | Rampage rCorr}
  3493 | D:5      | Entered Level 5 of the Dungeon
  3565 | D:5      | Reached skill level 7 in Axes
  3603 | D:5      | Reached skill level 5 in Armour
  3639 | D:5      | Reached XP level 7. HP: 38/61 MP: 6/6
  3844 | D:5      | Found an iron altar of Okawaru.
  3862 | D:5      | Reached skill level 8 in Axes
  4412 | D:6      | Reached skill level 1 in Stealth
  4505 | D:6      | Found a transporter.
  4516 | D:6      | Reached XP level 8. HP: 33/68 MP: 7/7
  4524 | D:6      | Reached skill level 9 in Axes
  4671 | D:6      | Found a transporter.
  4737 | D:6      | Identified the +2 mace of Lexkef {speed, rCorr Int+4}
  5561 | D:7      | Identified the +1 flail "Ceuwn" {flame, rPois Int+9 Dex-3}
  5562 | D:7      | Identified the ring of Negogg {EV+5 Str+2 Stlth+}
  5571 | D:7      | Reached skill level 10 in Axes
  6025 | D:7      | Noticed a troll
  6031 | D:7      | Killed a troll
  6032 | D:7      | Reached XP level 9. HP: 78/78 MP: 8/8
  6306 | D:8      | Noticed a death yak
  6323 | D:8      | Killed a death yak
  6324 | D:8      | Reached skill level 11 in Axes
  6392 | D:8      | Found a staircase to the Lair.
  6398 | D:8      | Noticed a death yak
  6400 | D:8      | Noticed a death yak
  6407 | D:8      | Killed a death yak
  6408 | D:8      | Reached skill level 12 in Axes
  6415 | D:8      | Killed a death yak
  6416 | D:8      | Reached XP level 10. HP: 57/88 MP: 9/9
  6583 | D:8      | Found a shimmering altar of Xom.
  6587 | D:8      | Noticed Erica
  6593 | D:8      | Killed Erica
  6594 | D:8      | Reached skill level 13 in Axes
  7206 | D:9      | Found Vealulae's Distillery.
  7256 | D:9      | Bought a potion of heal wounds for 70 gold pieces
  7256 | D:9      | Bought a potion of heal wounds for 70 gold pieces
  7267 | D:9      | Noticed a two-headed ogre
  7275 | D:9      | Killed a two-headed ogre
  7276 | D:9      | Reached skill level 10 in Armour
  7290 | D:9      | Reached skill level 14 in Axes
  7542 | D:9      | Reached ***** piety under Trog
  7668 | D:9      | Reached XP level 11. HP: 97/97 MP: 10/10
  8011 | D:10     | Entered Level 10 of the Dungeon
  8016 | D:10     | Noticed a deep elf pyromancer
  8034 | D:10     | Killed a deep elf pyromancer
  8274 | D:10     | Reached skill level 15 in Axes
  8623 | D:10     | You fall into a shaft and drop 1 floor!
  8623 | D:11     | Found a gate leading to a gauntlet.
  8629 | Gauntlet | Entered a Gauntlet
  8629 | Gauntlet | Found a transporter.
  8638 | Gauntlet | Found a transporter.
  8641 | Gauntlet | Found a transporter.
  8642 | Gauntlet | Found a transporter.
  8648 | Gauntlet | Noticed a death scarab
  8650 | Gauntlet | Found a transporter.
  8653 | Gauntlet | Found a transporter.
  8654 | Gauntlet | Found a transporter.
  8656 | Gauntlet | Noticed a thrashing horror
  8659 | Gauntlet | Noticed a thrashing horror
  8663 | Gauntlet | Found a transporter.
  8666 | Gauntlet | Found a transporter.
  8667 | Gauntlet | Found a transporter.
  8669 | Gauntlet | Noticed a white ugly thing
  8672 | Gauntlet | Noticed a great orb of eyes
  8675 | Gauntlet | Found a transporter.
  8678 | Gauntlet | Found a transporter.
  8679 | Gauntlet | Found a transporter.
  8684 | Gauntlet | Noticed a wizard
  8686 | Gauntlet | Noticed a wizard
  8687 | Gauntlet | Found a transporter.
  8787 | Gauntlet | Reached skill level 10 in Fighting
  8820 | Gauntlet | Identified the ring "Dekeupot" {rPois rF++ rN+ Dex-3
                  | Stlth+}
  8820 | Gauntlet | Noticed a minotaur
  8830 | Gauntlet | Killed a minotaur
  8831 | Gauntlet | Reached skill level 5 in Dodging
  9824 | D:11     | Noticed a boulder beetle
  9826 | D:11     | Found Vub Xogh's Armour Shoppe.
  9826 | D:11     | Noticed Psyche
  9846 | D:11     | Received a gift from Trog
  9849 | D:11     | Killed Psyche
  9850 | D:11     | Reached skill level 16 in Axes
  9854 | D:11     | Killed a boulder beetle
 10321 | D:11     | Found a hazy altar of Hepliaklqana.
 10511 | Lair:1   | Entered Level 1 of the Lair of Beasts
 10550 | Lair:1   | Reached XP level 12. HP: 100/108 MP: 11/11
 10766 | Lair:1   | Noticed a catoblepas
 10778 | Lair:1   | Killed a catoblepas
 11028 | Lair:1   | Noticed Harold
 11060 | Lair:1   | Killed Harold
 11344 | Lair:2   | Noticed Gastronok
 11346 | Lair:2   | Noticed a hell hog
 11352 | Lair:2   | Killed Gastronok
 11353 | Lair:2   | Reached skill level 17 in Axes
 11560 | Lair:2   | Found a transporter.
 11560 | Lair:2   | Found a staircase to the Snake Pit.
 11654 | Lair:2   | Noticed Zeor's ghost (journeyman DjRe)
 11868 | Lair:2   | Noticed a catoblepas
 11885 | Lair:2   | Killed a catoblepas
 12142 | Lair:2   | Found a transporter.
 12142 | Lair:2   | Found a one-way gate to the infinite horrors of the Abyss.
 12159 | Snake:1  | Entered Level 1 of the Snake Pit
 12663 | Lair:3   | Found a staircase to the Shoals.
 12775 | Lair:3   | Noticed a catoblepas
 12786 | Lair:3   | Killed a catoblepas
 12991 | Lair:3   | Reached skill level 18 in Axes
 13096 | Lair:4   | Reached XP level 13. HP: 88/119 MP: 12/12
 13386 | Lair:4   | Noticed Snorg
 13398 | Lair:4   | Killed Snorg
 13613 | Lair:4   | Found a staircase to the Slime Pits.
 13615 | Lair:4   | Found a viscous altar of Jiyva.
 13655 | Lair:4   | Noticed a dire elephant
 13663 | Lair:4   | Paralysed by a hornet for 2 turns
 13668 | Lair:4   | Killed a dire elephant
 13674 | Lair:4   | Reached skill level 1 in Evocations
 13765 | Lair:4   | Identified the +7 war axe of Destiny {freeze, rF++ rCorr
                  | Dex-4 Stlth+}
 14364 | Lair:5   | Entered Level 5 of the Lair of Beasts
 14371 | Lair:5   | Reached skill level 19 in Axes
 15676 | Lair:5   | Received a gift from Trog
 15677 | Lair:5   | Reached XP level 14. HP: 58/132 MP: 13/13
 15690 | Lair:5   | Reached skill level 20 in Axes
 15998 | Lair:5   | Reached skill level 15 in Armour
 15998 | Lair:5   | Reached XP level 15. HP: 97/139 MP: 14/14
 16249 | Lair:5   | Identified the orb of Ruquy {*Rage, Rampage Str+2}
 16671 | D:12     | Noticed Kirke
 16681 | D:12     | Reached skill level 15 in Fighting
 16681 | D:12     | Killed Kirke
 16777 | D:12     | Found a staircase to the Orcish Mines.
 17059 | D:12     | Received a gift from Trog
 17639 | D:13     | Reached skill level 21 in Axes
 18146 | D:13     | Noticed Frances
 18155 | D:13     | Killed Frances
 18455 | D:13     | Found a gate to the Vaults.
 18585 | D:13     | Found Bechusoc's Distillery.
 19282 | D:2      | Bought a scroll of acquirement for 676 gold pieces
 19282 | D:2      | Acquired a manual of Unarmed Combat
 20068 | D:15     | Entered Level 15 of the Dungeon
 20413 | D:15     | Reached skill level 22 in Axes
 20415 | D:15     | Reached XP level 16. HP: 115/152 MP: 15/15
 20415 | D:15     | Received a gift from Trog
 20564 | D:15     | Noticed Nessos
 20568 | D:15     | Killed Nessos
 20824 | D:15     | Found a staircase to the Depths.
 21241 | D:15     | Found Jexzuf's Antique Weapon Emporium.
 21436 | Orc:1    | Entered Level 1 of the Orcish Mines
 21706 | Orc:2    | Entered Level 2 of the Orcish Mines
 21706 | Orc:2    | Found Sesk's Weapon Shoppe.
 22426 | Orc:2    | Found a staircase to the Elven Halls.
 22501 | Orc:2    | Received a gift from Trog
 22553 | Orc:2    | Reached ****** piety under Trog
 22746 | Orc:2    | Found Haopruj's Armour Emporium.
 22746 | Orc:2    | Found Oguehe's Armour Boutique.
 22752 | Orc:2    | Bought the +3 pair of gloves of Midwinter {Will+ Str+2} for
                  | 471 gold pieces
 22785 | Orc:2    | Received a gift from Trog
 22968 | Orc:2    | Found Satuler's Magic Scroll Boutique.
 22968 | Orc:2    | Found Zeluezoc's Antique Weapon Emporium.
 23391 | Lair:2   | Killed Zeor's ghost
 23392 | Lair:2   | Reached skill level 23 in Axes
 24936 | Snake:2  | Identified the +3 sling of the Abyss {antimagic, Stlth+}
 25243 | Snake:2  | Identified the ring of Xom's Respect {Wiz rElec Stlth+}
 25340 | Snake:2  | Noticed Aizul
 25349 | Snake:2  | Killed Aizul
 25821 | Snake:3  | Reached XP level 17. HP: 138/163 MP: 16/16
 25822 | Snake:3  | Reached skill level 24 in Axes
 25988 | Snake:3  | Received a gift from Trog
 26210 | Snake:3  | Identified the +3 scale mail "Vinkag" {Dex+3}
 26215 | Snake:3  | Identified the +1 pair of gloves "Vopol" {*Slow rF+ Int+7
                  | SInv}
 27436 | Snake:4  | Entered Level 4 of the Snake Pit
 28044 | Snake:4  | Noticed Vashnia
 28048 | Snake:4  | Killed Vashnia
 28083 | Snake:4  | Identified the +1 mace of Cabulom {drain, +Blink rCorr}
 28094 | Snake:4  | Received a gift from Trog
 28320 | Snake:4  | Got a serpentine rune of Zot
 28735 | Shoals:1 | Entered Level 1 of the Shoals
 28829 | Shoals:1 | Noticed Jorgrun
 28841 | Shoals:1 | Killed Jorgrun
 28842 | Shoals:1 | Reached skill level 25 in Axes
 28954 | Shoals:1 | Noticed Louise
 28960 | Shoals:1 | Killed Louise
 29023 | Shoals:1 | Found a transporter.
 29024 | Shoals:1 | Found a transporter.
 29025 | Shoals:1 | Noticed archon2's ghost (adept DEFE)
 29028 | Shoals:1 | Noticed a kraken
 29074 | Shoals:1 | Noticed a kraken
 29400 | Shoals:1 | Reached XP level 18. HP: 175/178 MP: 17/17
 29749 | Shoals:2 | Found Jaroin's Antique Weapon Shoppe.
 29751 | Shoals:2 | Received a gift from Trog
 29776 | Shoals:2 | Found a runed translucent gate.
 29776 | Shoals:2 | Found a runed translucent gate.
 29776 | Shoals:2 | Found a runed translucent gate.
 29780 | Shoals:2 | Found an opulent altar of Gozag.
 29853 | Shoals:2 | Found Unlammel's Assorted Antiques.
 29854 | Shoals:2 | Noticed Glennnyy's ghost (adept GrFi)
 29923 | Shoals:2 | Killed Glennnyy's ghost
 29953 | Shoals:2 | HP: 8/178 [merfolk/+0 spear[a merfolk impaler] (2)]
 29953 | Shoals:2 | Slain by a harpy

Illustrated notes

Levels and vault maps discovered:
D:1:      dpeg_arrival_central, layout_loops_ring,
          chequers_serial_rivers_micro_b, grunt_decor_resistance, minmay_tall_x
D:2:      wad_woods_stonehenge, layout_loops_corners,
          shapermc_ecumenical_altar_starsandcircs, serial_shops,
          nicolae_shop_hallway_stairs, nicolae_shop_trees, shop, basic_altar
D:3:      layout_basic, mainiacjoe_overflow_cross_hatched,
          nicolae_ru_awakened_eye, kennysheep_generic_room_10
D:4:      layout_basic, overflow_temple_1_default, minmay_temple_entry_slanted
D:5:      layout_basic, okawaru_gym_becter, nicolae_half_adder
D:6:      gammafunk_steamed_eel, layout_loops_ring, minmay_misc_feat_x,
          kennysheep_generic_room_7
D:7:      layout_loops_ring
D:8:      layout_rooms, mainiacjoe_overflow_24_doors, dpeg_lair_monsters,
          solitary_fountain, nicolae_zen_rock_garden, kennysheep_minor_cross,
          kennysheep_generic_room_11, uniq_erica
D:9:      layout_rooms, serial_shops, shop, minivault_16
D:10:     layout_loops_ring, serial_park_tiny_pond
D:11:     layout_long_grid, gauntlet_entry_generic, serial_shops,
          nicolae_shop_advertising_works [nicolae_subvault_shop_adworks],
          reono_crystal_passage, nzn_hepliaklqana_mist_gate, uniq_psyche
D:12:     layout_roguey, erik_orc_3, uniq_kirke
D:13:     layout_basic, david_vaults_4, serial_shops, nicolae_shop_behind_doors,
          minmay_shattered_shrine, uniq_frances
D:14:     layout_rooms, hangedman_abyss_or_decor_lesser_grid
D:15:     hangedman_depths_entry_civil_slaughter, layout_cave_pods,
          serial_shops, shop, st_stairs_5, uniq_nessos
Lair:1:   layout_concentric_octagons, lemuel_old_faithful, serial_bayou_shore_a,
          lemuel_fruit_fields, uniq_harold
Lair:2:   layout_small_grid, dummy_snake_entry, gammafunk_ghost_abyssal_escape,
          uniq_gastronok
Lair:3:   layout_long_grid, minmay_shoals_entry_hut, nicolae_lair_lil_pond,
          chequers_serial_rivers_small_a
Lair:4:   layout_cave_pods, slime_entry_1, nicolae_lair_lakeside_cave,
          serial_bayou_shore_b, serial_bayou_shore_b, infiniplex_staircase_pool,
          serial_bayou_shore_b, lemuel_fruit_fields, uniq_snorg
Lair:5:   minmay_lair_end_enchanted_forest, layout_layer_cave,
          nicolae_volcano_entry_batcave
Shoals:1: layout_shoals, ebering_ghost_davey_jones,
          nicolae_shoals_lost_giant_pillars, uniq_jorgrun, uniq_louise
Shoals:2: layout_shoals, ebering_ghost_gozag, serial_shops, shop
Snake:1:  layout_misc_corridors
Snake:2:  layout_rooms, nicolae_snake_salamander_fort, uniq_aizul
Snake:3:  layout_misc_corridors
Snake:4:  johnstein_snake_rune_scales, layout_rooms,
          portal_ice_cave_entry_ice_statue_one, nicolae_snake_salamander_jacuzzi
Orc:1:    layout_caves
Orc:2:    st_orc_town, layout_diamond_mine, serial_shops,
          nicolae_shop_hallway_stairs

Skill      XL: |  1  2  3  4  5  6  7  8  9 10 11 12 13 14 15 16 17 18 |
---------------+-------------------------------------------------------+-----
Axes           | 4 5 6 7 8 10 12 14 16 18 19 20 22 23 25 | 25.2
Fighting       | 4 5 6 7 9 10 12 14 16 18 19 20 | 20.1
Armour         | 3 4 5 6 7 8 10 12 14 15 16 17 19 | 19.6
Dodging        | 3 4 5 6 7 |  7.4
Stealth        | 1 2 3 |  3.5
Evocations     | 1 |  1.2

Action                     |  1- 3 |  4- 6 |  7- 9 | 10-12 | 13-15 | 16-18 || total
---------------------------+-------+-------+-------+-------+-------+-------++-------
  Melee: Hand axe          |    91 |   162 |   163 |       |       |       ||   416
         Headbutt          |    16 |    24 |    42 |    92 |   111 |    80 ||   365
         Punch             |       |       |     2 |     3 |       |       ||     5
         War axe           |       |       |    25 |   246 |       |       ||   271
         Battleaxe         |       |       |       |   178 |   379 |       ||   557
         Executioner's axe |       |       |       |       |   153 |   527 ||   680
 Invoke: Berserk           |       |     1 |     5 |    11 |     6 |     7 ||    30
         Brothers in Arms  |       |       |       |     2 |     2 |     9 ||    13
  Evoke: Wand              |       |       |       |     6 |     1 |     1 ||     8
    Use: Scroll            |       |       |    22 |    13 |     4 |     4 ||    43
         Potion            |       |       |       |       |     7 |     9 ||    16
   Stab: Distracted        |       |       |       |       |       |     1 ||     1
 Armour: Animal skin       |    12 |       |       |       |       |       ||    12
         Chain mail        |    13 |    91 |    79 |    71 |       |       ||   254
         Plate armour      |       |       |       |   135 |   358 |   465 ||   958
  Dodge: Dodged            |    72 |    78 |    88 |   327 |   451 |   601 ||  1617
